 Dungeon Crawl Stone Soup version 0.20.0-15-g7f486f2 (webtiles) character file.

124 Monsterracer the Cudgeler (level 5, -2/32 HPs)
             Began as a Gargoyle Fighter on June 9, 2017.
             Killed by divine providence
             ... invoked by an orc priest
              (11 damage)
             ... on level 3 of the Dungeon.
             The game lasted 00:04:34 (1852 turns).

Monsterracer the Cudgeler (Gargoyle Fighter)        Turns: 1852, Time: 00:04:35

Health: -2/32      AC: 14    Str: 25    XL:     5   Next: 8%
Magic:  5/5        EV:  6    Int:  8    God:
Gold:   140        SH: 15    Dex: 10    Spells: 1/4 levels left

rFire    . . .     SeeInvis .   q - +7 club
rCold    + . .     Gourm    .   c - +0 shield
rNeg     + . .     Faith    .   n - +0 chain mail
rPois    ∞         Spirit   .   b - +0 helmet
rElec    +         Reflect  +   (no cloak)
rCorr    .         Harm     .   (no gloves)
MR       .....                  (no boots)
Stlth    ..........             o - +5 amulet of reflection
Regen    0.1/turn               h - ring of protection from cold
MPRegen  0.1/turn               (no ring)

@: mighty
A: negative energy resistance 1, electricity resistance, unbreathing,
petrification resistance, rot immunity, AC +4
a: no special abilities


You were on level 3 of the Dungeon.
You were not hungry.

You visited 1 branch of the dungeon, and saw 3 of its levels.

You collected 140 gold pieces.

Inventory:

Hand Weapons
 a - a +0 flail
 q - a +7 club (weapon)
Armour
 b - a +0 helmet (worn)
 c - a +0 shield (worn)
 n - a +0 chain mail (worn)
Jewellery
 h - a ring of protection from cold (left hand)
 o - a +5 amulet of reflection (around neck)
Scrolls
 e - 4 scrolls of identify {unknown}
 g - a scroll of enchant armour {unknown}
 j - 4 scrolls of remove curse {unknown}
 k - 2 scrolls of fear {unknown}
 l - 3 scrolls of teleportation {unknown}
 m - 3 scrolls of enchant weapon {unknown}
 p - a scroll of noise {unknown}
 s - a scroll of immolation {unknown}
Potions
 d - a potion of might
 r - a potion of curing
Comestibles
 f - a bread ration
 i - 2 royal jellies


   Skills:
 - Level 3.6 Fighting
 + Level 4.0 Maces & Flails
 - Level 3.5 Armour
 - Level 0.7 Dodging
 - Level 3.8 Shields


You had one spell level left.
You knew the following spells:

 Your Spells              Type           Power        Failure   Level  Hunger
a - Blink                 Tloc           N/A          100%        2    ###....
b - Magic Dart            Conj           #...         100%        1    ##.....


Dungeon Overview and Level Annotations

Branches:
Dungeon (3/15)

Altars:
Nemelex Xobeh
Yredelemnul


Innate Abilities, Weirdness & Mutations

You are resistant to torment.
Your stone body is resilient. (AC +4)
You are immune to poison.
You resist negative energy. (rN+)
You are resistant to electric shocks. (rElec)
You can survive without breathing.
You are immune to petrification.
You are immune to rotting.


Message History

You are too injured to fight recklessly!
Wield which item (- for none, * to show all)? (? for menu, Esc to quit)
Okay, then.
Okay, then.
You feel very mighty all of a sudden.
The orc throws a tomahawk.
You reflect the tomahawk off an invisible shield around you!
The tomahawk closely misses the orc.
The orc throws a tomahawk.
You reflect the tomahawk off an invisible shield around you!
The tomahawk hits the orc but does no damage.
You block the orc's attack.
You sock the orc!
You kill the orc!
The orc priest mumbles some strange prayers to Beogh against you.
Beogh smites you!
* * * LOW HITPOINT WARNING * * *
The orc priest mumbles some strange prayers to Beogh against you.
Beogh smites you!
You die...

#..# ###.. ..#..
#.#.# #.#.#
##.#####.#.#
#...(oo@...#
########..(####.#
#...(..#.#
#..###.#.#
#........#
#.####...#
#........#
#####....#
#....####.#


You could see an orc priest and an orc wizard.

Vanquished Creatures
  A worker ant (D:3)
  Robin (D:2)
  An adder (D:2)
  An ooze (D:1)
  2 leopard geckos
  An orc (D:3)
  4 giant cockroaches
  2 gnoll zombies (D:3)
  10 goblins
  8 hobgoblins
  3 jackals (D:1)
  10 kobolds
  2 quokkas (D:2)
  A ball python (D:3)
  10 bats
  A frilled lizard (D:3)
  14 rats
72 creatures vanquished.

Vanquished Creatures (others)
  A goblin (D:2)
1 creature vanquished.

Grand Total: 73 creatures vanquished

Notes
Turn   | Place    | Note
-------+----------+-------------------------------------------
     0 | D:1      | Monsterracer the Gargoyle Fighter began the quest for the Orb.
     0 | D:1      | Reached XP level 1. HP: 14/14 MP: 1/1
    18 | D:1      | Reached XP level 2. HP: 18/19 MP: 2/2
   443 | D:1      | Reached XP level 3. HP: 23/23 MP: 3/3
   974 | D:2      | Found a sparkling altar of Nemelex Xobeh.
  1013 | D:2      | Noticed Robin
  1015 | D:2      | Reached XP level 4. HP: 28/28 MP: 4/4
  1038 | D:2      | Reached skill level 3 in Maces & Flails
  1081 | D:2      | Killed Robin
  1583 | D:3      | Learned a level 2 spell: Blink
  1585 | D:3      | Learned a level 1 spell: Magic Dart
  1695 | D:3      | Found a basalt altar of Yredelemnul.
  1767 | D:3      | Reached skill level 4 in Maces & Flails
  1767 | D:3      | Reached XP level 5. HP: 31/32 MP: 5/5
  1852 | D:3      | Killed from afar by an orc priest

Skill      XL: |  1  2  3  4 |
---------------+-------------+-----
Maces & Flails | 4 |  4.0
Fighting       | |  3.6
Armour         | |  3.5
Dodging        | |  0.7
Shields        | |  3.8

Action                   |  1- 3 |  4- 6 || total
-------------------------+-------+-------++-------
Melee: Flail             |   145 |    63 ||   208
       Club              |       |    41 ||    41
  Use: Potion            |     5 |     1 ||     6
  Eat: Chunk             |     1 |     3 ||     4
Armor: Scale mail        |   109 |       ||   109
       Chain mail        |    14 |    92 ||   106
Dodge: Dodged            |    64 |    37 ||   101
Block: Shield            |   104 |   122 ||   226
       Reflection        |     3 |     4 ||     7
